 Dungeon Crawl Stone Soup version 0.29-a0-517-gbdf32494f2 (webtiles) character file.

Game seed: 5530596877620517790

5807 NateTC the Destroyer (level 10, 0/62 HPs)
             Began as a Yellow Draconian Air Elementalist on May 30, 2022.
             Was a Follower of Hepliaklqana.
             Slain by a two-headed ogre
             ... wielding a +0 giant club
              (14 damage)
             ... on level 9 of the Dungeon.
             The game lasted 00:45:03 (13128 turns).

NateTC the Destroyer (DrAE)                        Turns: 13128, Time: 00:45:04

Health: 0/62       AC: 11    Str: 11    XL:     10   Next: 50%
Magic:  14/17      EV: 12    Int: 19    God:    Hepliaklqana [*.....]
Gold:   444        SH:  0    Dex: 12    Spells: 5/19 levels left

rFire   . . .      SeeInvis .   b - staff of conjuration
rCold   . . .      Faith    .   (no shield)
rNeg    . . .      Spirit   .   (body armour unavailable)
rPois   +          Reflect  .   v - +2 hat {Stlth+}
rElec   .          Harm     .   x - scarf {shadows}
rCorr   +          Rampage  .   m - +1 pair of gloves
Will    .....                   (no boots)
Stlth   +++.......              (no amulet)
HPRegen 0.20/turn               g - ring of poison resistance
MPRegen 0.15/turn               (no ring)

@: swift, very quick
A: reduced essence, spit acid, AC +7, unfitting armour, cold-blooded, acid
resistance
a: Breathe Acid, Renounce Religion, Recall Ancestor, Ancestor Identity


You were on level 9 of the Dungeon.
You worshipped Hepliaklqana.
Hepliaklqana was aware of your devotion.
You visited 2 branches of the dungeon, and saw 10 of its levels.

You collected 444 gold pieces.

Inventory:

Missiles
 n - a throwing net
Armour
 m - a +1 pair of gloves (worn)
 v - a +2 hat of stealth (worn)
 x - a scarf of shadows (worn)
Magical Staves
 b - a staff of conjuration (weapon)
Jewellery
 g - a ring of poison resistance (left hand)
Wands
 d - a wand of iceblast (5)
 s - a wand of polymorph (12)
 t - a wand of flame (10)
 w - a wand of acid (5)
Scrolls
 l - a scroll of fear
 o - 2 scrolls of teleportation
 r - 2 scrolls of poison
Potions
 a - 2 potions of magic
 c - 2 potions of haste
 e - 2 potions of heal wounds
 f - 4 potions of attraction
 h - a potion of curing {unknown}
 i - 3 potions of lignification
 j - 3 potions of might
 k - 2 potions of mutation {unknown}
 p - a potion of degeneration {unknown}
 q - a potion of cancellation {unknown}
 u - a potion of brilliance {unknown}
 z - a potion of ambrosia {unknown}


   Skills:
 - Level 1.7 Dodging
 - Level 2.3 Stealth
 + Level 5.1 Spellcasting
 + Level 8.9 Conjurations
 - Level 8.4 Air Magic
 * Level 8.8 Earth Magic
 - Level 2.0 Evocations


You had 5 spell levels left.
You knew the following spells:

 Your Spells              Type           Power      Damage    Failure   Level
a - Shock                 Conj/Air       100%       1d9       1%          1
b - Static Discharge      Conj/Air       54%        N/A       1%          2
c - Swiftness             Air            36%        N/A       1%          3
d - Iron Shot             Conj/Erth      27%        9d6       43%         6
e - Searing Ray           Conj           100%       2d8       1%          2

Your spell library contained the following spells:

 Spells                   Type           Power      Damage    Failure   Level
 Magic Dart               Conj           100%       1d8       1%          1
 Airstrike                Air            18%        N/A       3%          4
 Apportation              Tloc           8%         N/A       12%         1
 Fulminant Prism          Conj/Hex       16%        3d11      21%         4
 Leda's Liquefaction      Hex/Erth       10%        N/A       21%         4
 Call Canine Familiar     Summ           4%         N/A       36%         3
 Gell's Gravitas          Tloc           4%         N/A       36%         3
 Lesser Beckoning         Tloc           4%         N/A       36%         3
 Portal Projectile        Hex/Tloc       8%         N/A       36%         3
 Teleport Other           Tloc           4%         N/A       36%         3
 Alistair's Intoxication  Tmut/Pois      2%         N/A       98%         5
 Blade Hands              Tmut           2%         N/A       98%         5
 Dispersal                Tloc           2%         N/A       100%        6
 Animate Armour           Summ/Erth      Unusable   N/A       N/A         4

Dungeon Overview and Level Annotations

Branches:
Dungeon (9/15)             Temple (1/1) D:7
   Lair: D:8-11         Orc: D:9-12

Altars:
Ashenzari
Cheibriados
Dithmenos
Elyvilon
Fedhas
Gozag
Hepliaklqana
Kikubaaqudgha
Makhleb
Nemelex Xobeh
Okawaru
Qazlal
Ru
Sif Muna
Trog
Uskayaw
Vehumet
Wu Jian
Xom
Yredelemnul
The Shining One

Shops:
D:3 *!=   D:7 *

Annotations:
D:9 Maggie


Innate Abilities, Weirdness & Mutations

Your life essence is reduced to manifest your ancestor. (-10% HP)
You can spit globs of acid.
Your golden yellow scales are hard. (AC +7)
You cannot fit into any form of body armour.
You are cold-blooded and may be slowed by cold attacks.
You are resistant to acid. (rCorr)


Message History

The curare-tipped dart hits you.
A kobold comes into view. It is wielding a +0 whip.
Casting: Shock (safe; 1% risk of failure)
Confirm with . or Enter, or press ? or * to list all spells.
You feel quick.
The kobold brigand throws a curare-tipped dart.
The curare-tipped dart closely misses you.
The kobold brigand throws a curare-tipped dart.
The curare-tipped dart hits you.
The kobold brigand throws a curare-tipped dart.
The curare-tipped dart hits you.
You start to feel a little slower.
You feel sluggish.
Casting: Swiftness (safe; 1% risk of failure)
Confirm with . or Enter, or press ? or * to list all spells.
You can't see any susceptible monsters within range! (Use Z to cast anyway.) Unknown command.
You start to feel a little faster.
The two-headed ogre attacks as you move away!
The two-headed ogre hits you with a +0 giant club!!
The two-headed ogre barely misses you.
The two-headed ogre attacks as you move away!
The two-headed ogre barely misses you. The two-headed ogre closely misses you.
You no longer feel sluggish.
Muriel emerges from the mists of memory!
The two-headed ogre attacks as you move away!
The two-headed ogre hits you with a +0 giant club. x2
The two-headed ogre attacks as you move away!
The two-headed ogre misses you.
The two-headed ogre hits you but does no damage.
Muriel hits the two-headed ogre.
Muriel barely misses the two-headed ogre.
Found an escape hatch in the floor.
Casting: Swiftness (safe; 1% risk of failure)
Confirm with . or Enter, or press ? or * to list all spells.
You feel quick.
The two-headed ogre hits you with a +0 giant club!!
* * * LOW HITPOINT WARNING * * *
The two-headed ogre hits you with a +0 giant club!
You die...

...........### #.#
.............### ##.#
#....#.........###..##
#....##..............##
....####..............###
....# ##....R..........##
#................##
#.......O..........#
###......#.@........##
.#.......#...........#
...........#......#..#
.........####.......####
#.....# ###........#
#.<.# ##...##### ##†.##
##..# ##....# ###...#
##.....# #####.....##


You could see the friendly Muriel the ancestor and a two-headed ogre.

Vanquished Creatures
  Amaemon (D:8)
  Pikel (D:5)
  An orange demon (D:8)
  4 yaks
  2 wyverns (D:9)
  2 vampire mosquitoes (D:8)
  A steam dragon (D:8)
  An acid dragon (D:8)
  A water moccasin (D:6)
  A black bear (D:8)
  4 orc warriors (D:7)
  An ice beast (D:6)
  2 sky beasts (D:7)
  3 ogres
  2 centaurs
  A lemure (D:5)
  2 kobold brigands
  A scorpion (D:4)
  15 wights
  A killer bee (D:9)
  A gnoll shaman (D:5)
  2 hounds (D:5)
  A jelly (D:4)
  5 orc priests
  4 iguanas
  5 orc wizards
  9 gnolls
  10 adders
  A shadow imp (D:8)
  2 white imps
  3 ufetubi
  2 worms (D:3)
  4 dart slugs
  43 orcs
  7 endoplasms
  4 giant cockroaches
  11 goblins
  6 hobgoblins
  6 jackals
  2 quokkas
  15 ball pythons
  8 bats
  9 frilled lizards
  17 kobolds
  6 rats
  A spectral orc (D:6)
231 creatures vanquished.

Vanquished Creatures (others)
  An ancestor (D:9)
  11 plants
12 creatures vanquished.

Grand Total: 243 creatures vanquished

Notes
Turn   | Place    | Note
-------+----------+-------------------------------------------
     0 | D:1      | NateTC the Draconian Air Elementalist began the quest for
                  | the Orb.
     0 | D:1      | Reached XP level 1. HP: 14/14 MP: 3/3
   258 | D:1      | Reached XP level 2. HP: 13/20 MP: 0/5
   426 | D:1      | Found a faded altar of an unknown god.
   829 | D:1      | Learned a level 2 spell: Static Discharge
  1113 | D:1      | Reached XP level 3. HP: 26/26 MP: 3/6
  1512 | D:1      | Identified a scroll of acquirement
  1512 | D:1      | Acquired a staff of conjuration
  1973 | D:2      | Learned a level 3 spell: Swiftness
  2053 | D:2      | Reached XP level 4. HP: 27/33 MP: 0/8
  2420 | D:3      | Noticed an ogre
  2432 | D:3      | Killed an ogre
  2433 | D:3      | Reached skill level 1 in Evocations
  2433 | D:3      | Reached XP level 5. HP: 21/38 MP: 1/9
  2587 | D:3      | Found Seceabri's Jewellery Emporium.
  2723 | D:3      | Found Qioqos's Jewellery Shoppe.
  2912 | D:3      | Found Ytalaror's Distillery.
  3040 | D:3      | Found Ukolyrro's General Store.
  3637 | D:4      | Reached XP level 6. HP: 45/45 MP: 1/10
  3727 | D:4      | Reached skill level 5 in Air Magic
  3769 | D:4      | Found a broken altar of Ashenzari.
  3771 | D:4      | Found a hide-covered altar of Uskayaw.
  4370 | D:4      | Your scales start taking on a golden yellow colour.
  4370 | D:4      | Reached XP level 7. HP: 50/50 MP: 3/11
  4370 | D:4      | Gained mutation: You are resistant to acid. (rCorr) [Yellow
                  | Draconian growth]
  4562 | D:4      | Found a burning altar of Makhleb.
  4677 | D:5      | Entered Level 5 of the Dungeon
  4683 | D:5      | Reached skill level 5 in Conjurations
  5308 | D:5      | Found a sacrificial altar of Ru.
  5476 | D:5      | Noticed Pikel
  5496 | D:5      | Killed Pikel
  5497 | D:5      | Reached XP level 8. HP: 25/57 MP: 4/12
  7804 | D:6      | Found a basalt altar of Yredelemnul.
  7919 | D:7      | Reached XP level 9. HP: 41/62 MP: 6/14
  8041 | D:7      | Learned a level 6 spell: Iron Shot
  8103 | D:7      | Reached skill level 1 in Earth Magic
  8769 | D:7      | Found an ornate altar of the Wu Jian Council.
  9168 | D:7      | Learned a level 2 spell: Searing Ray
  9180 | D:7      | Found Byequch's Assorted Antiques.
  9303 | D:7      | Reached skill level 5 in Earth Magic
  9719 | D:7      | Found a staircase to the Ecumenical Temple.
  9725 | Temple   | Entered the Ecumenical Temple
  9959 | Temple   | Became a worshipper of Hepliaklqana the Forgotten
 10657 | D:8      | Noticed Amaemon
 10658 | D:8      | Noticed an orange demon
 10676 | D:7      | HP: 3/62 [poisoned by Amaemon]
 11121 | D:8      | Killed an orange demon
 11232 | D:8      | Killed Amaemon
 11233 | D:8      | Reached XP level 10. HP: 41/69 MP: 6/16
 11995 | D:8      | Found a shimmering altar of Xom.
 11995 | D:8      | Found a shimmering altar of Xom.
 12011 | D:8      | Found a shimmering altar of Xom.
 12015 | D:8      | Found a shimmering altar of Xom.
 12070 | D:8      | Noticed a salamander
 12473 | D:8      | Found an opulent altar of Gozag.
 12656 | D:9      | Noticed Maggie
 12659 | D:9      | Reached skill level 5 in Spellcasting
 13054 | D:9      | Reached * piety under Hepliaklqana
 13065 | D:9      | Noticed a two-headed ogre
 13128 | D:9      | Slain by a two-headed ogre

Illustrated notes

Levels and vault maps discovered:
D:1:      dpeg_arrival_boxorama, layout_rooms, serial_forest,
          infiniplex_forest_end_2, infiniplex_forest_end_3,
          infiniplex_forest_clump_cross, infiniplex_forest_straight_4,
          infiniplex_forest_end_2, infiniplex_forest_lined_corner,
          infiniplex_forest_straight_4, infiniplex_forest_clump_diagonal,
          nicolae_ecumenical_snake_handling
D:2:      layout_rooms
D:3:      layout_rooms, serial_shops, nicolae_shop_crystal,
          nicolae_shop_crystal, shop, shop, minmay_lizard_king
D:4:      layout_rooms, lightli_temple_of_fire, jmf_multi_god_temple,
          grunt_ministairs_2
D:5:      layout_layer_cave, nicolae_ru_great_annihilating_truth, uniq_pikel
D:6:      layout_loops_ring, yredelemnul_forgotten_temple_becter
D:7:      layout_loops_ring, lemuel_coloured_pillars_altar,
          minmay_temple_entry_nine_rooms, serial_shops,
          nicolae_shop_temple_entry_statues_fountains
D:8:      layout_cave_pools, grunt_gozag_statues, xom_shifter_show, uniq_amaemon
D:9:      layout_layer_cave, old_standard_altar, uniq_harold, uniq_maggie
Temple:   nicolae_temple_figure_eight

Skill      XL: |  1  2  3  4  5  6  7  8  9 10 |
---------------+-------------------------------+-----
Conjurations   | 2 3 4 6 7 8 |  8.9
Air Magic      | 4 5 7 8 |  8.4
Evocations     | 1 2 |  2.0
Stealth        | 2 |  2.3
Spellcasting   | 3 4 5 |  5.1
Earth Magic    | 7 8 |  8.8
Dodging        | |  1.7

Action                   |  1- 3 |  4- 6 |  7- 9 | 10-12 || total
-------------------------+-------+-------+-------+-------++-------
Melee: Unarmed           |    46 |       |    11 |       ||    57
       Tailslap          |     5 |       |       |       ||     5
       Staff             |     4 |     7 |    14 |       ||    25
 Cast: Shock             |    86 |   123 |   211 |    24 ||   444
       Static Discharge  |       |     3 |    29 |    17 ||    49
       Swiftness         |       |       |     6 |     3 ||     9
       Searing Ray       |       |       |     5 |    12 ||    17
 Abil: Breathe Acid      |       |       |     1 |       ||     1
Evoke: Wand              |       |       |    10 |       ||    10
  Use: Scroll            |     2 |     6 |    12 |       ||    20
 Stab: Confused          |       |       |     1 |       ||     1
Armor: Skin              |    21 |    16 |    52 |    16 ||   105
Dodge: Dodged            |    49 |    41 |    73 |    30 ||   193

Table legend: (Time is in decaauts)
 A = Elapsed time spent in this place.
 B = Non-inter-level travel time spent in this place.
 C = Inter-level travel time spent in this place.
 D = Time resting spent in this place.
 E = Time spent auto-exploring this place.
 F = Levels seen in this place.
 G = Mean time per level.
                   A        B        C        D        E       F      G
               +--------+--------+--------+--------+--------+-----+--------+
         Total |  13124 |  12928 |    196 |   5025 |   4435 |  10 | 1312.4 |
       Dungeon |  12870 |  12694 |    176 |   5025 |   4229 |   9 | 1430.0 |
        Temple |    254 |    234 |     20 |      0 |    206 |   1 |  254.0 |
               +--------+--------+--------+--------+--------+-----+--------+

Top non-repeatable levels by time:
     D:7: 2833 daAuts
     D:5: 1872 daAuts
     D:8: 1703 daAuts
     D:1: 1550 daAuts
     D:6: 1480 daAuts
     D:4: 1217 daAuts
     D:3: 1073 daAuts
     D:2: 835 daAuts
     D:9: 302 daAuts
  Temple: 254 daAuts
